 Dungeon Crawl Stone Soup version 0.30-a0-918-g0ff054e9dc (webtiles) character file.

Game seed: 5355699497275337563

49 cforsyth the Trooper (level 4, -1/37 HPs)
             Began as a Human Fighter on Mar 20, 2023.
             Slain by Natasha (6 damage)
             ... on level 2 of the Dungeon.
             The game lasted 00:01:34 (1119 turns).

cforsyth the Trooper (Human Fighter)                Turns: 1119, Time: 00:01:35

Health: -1/37      AC:  6    Str: 19    XL:     4   Next: 1%
Magic:  4/4        EV:  9    Int:  8    God:
Gold:   144        SH:  4    Dex: 12    Spells: 3/3 levels left

rFire   . . .      SeeInvis .    a - +0 flail
rCold   . . .      Faith    .    c - +0 buckler
rNeg    . . .      Spirit   .    b - +0 scale mail
rPois   .          Reflect  .    (no helmet)
rElec   .          Rampage  .    (no cloak)
rCorr   .                        (no gloves)
Will    .....                    (no boots) Stlth
                                 e - amulet of magic regeneration
HPRegen 0.26/turn                (no ring)
MPRegen 0.49/turn                (no ring)

@: no status effects
A: no striking features
a: no special abilities


You were on level 2 of the Dungeon.
You visited 1 branch of the dungeon, and saw 2 of its levels.

You collected 144 gold pieces.

Inventory:

Hand Weapons
 a - a +0 flail (weapon)
Armour
 b - a +0 scale mail (worn)
 c - a +0 buckler (worn)
Jewellery
 e - an amulet of magic regeneration (around neck)
 m - an amulet of the acrobat
Scrolls
 g - a scroll of enchant armour {unknown}
 h - a scroll of magic mapping {unknown}
 j - a scroll of identify {unknown}
 k - a scroll of fog {unknown}
 l - a scroll of noise {unknown}
Potions
 d - a potion of might
 f - 2 potions of curing {unknown}
 i - a potion of invisibility {unknown}


   Skills:
 + Level 3.8 Fighting
 + Level 3.0 Maces & Flails
 - Level 3.0 Armour
 - Level 3.0 Shields


You had 3 spell levels left.
You didn't know any spells.
Your spell library was empty.

Dungeon Overview and Level Annotations

Branches:
Dungeon (2/15)

Altars:

Annotations:
D:2 Natasha


Message History

No target in view!
No target in view!
No target in view!
No target in view!
m - an amulet of the acrobat
Found three human skeletons.
Found a faded altar of an unknown god.
Natasha, Servant of Life and Death comes into view.
Natasha hisses angrily.
You miss Natasha.
Natasha casts a spell.
Natasha claws you.
You sock Natasha!
Natasha is severely wounded.
Natasha claws you!
The crimson imp blinks!
You barely miss Natasha.
Natasha is severely wounded.
Natasha claws you!
You hit Natasha but do no damage.
Natasha is severely wounded.
Natasha claws you. The crimson imp hits you.
* * * LOW HITPOINT WARNING * * *
Natasha claws you but does no damage.
You are too injured to fight recklessly!
You are too injured to fight recklessly!
You are too injured to fight recklessly!
You are too injured to fight recklessly!
You are too injured to fight recklessly!
You are too injured to fight recklessly!
You are too injured to fight recklessly!
You are too injured to fight recklessly!
You are too injured to fight recklessly!
You closely miss Natasha.
Natasha is severely wounded.
The crimson imp barely misses you. Natasha claws you!
* * * LOW HITPOINT WARNING * * *
The crimson imp closely misses you.
You barely miss Natasha.
Natasha is severely wounded.
Natasha claws you.
You die...

## .# #. .# ♣.
.. .#.# ♣ ...#
# #.##..##..#
#..h5....# #@#
#.#♣♣♣ ...
#.#♣.♣♣♣## #.#
##........#
#.#
#..#♣♣PP♣.#
#.#
#.##♣♣♣♣♣.#
#.# ### #.#
#..#..#
#.###.. ###.#
#...####.#...#
#####...#
###........###


You could see Natasha and a crimson imp (summoned).

Vanquished Creatures
  An adder (D:2)
  4 bats
  3 endoplasms
  A giant cockroach (D:1)
  3 goblins
  4 hobgoblins
  A jackal (D:1)
  3 quokkas
  3 ball pythons (D:1)
  6 frilled lizards
  5 kobolds
  5 rats (D:1)
39 creatures vanquished.

Vanquished Creatures (others)
  2 fungi (D:1)
  3 plants (D:2)
  3 toadstools (D:1)
8 creatures vanquished.

Grand Total: 47 creatures vanquished

Notes
Turn   | Place    | Note
-------+----------+-------------------------------------------
     0 | D:1      | cforsyth the Human Fighter began the quest for the Orb.
     0 | D:1      | Reached XP level 1. HP: 18/18 MP: 1/1
   184 | D:1      | Reached XP level 2. HP: 19/24 MP: 2/2
   402 | D:1      | Reached XP level 3. HP: 25/29 MP: 3/3
   932 | D:2      | Reached XP level 4. HP: 37/37 MP: 4/4
  1097 | D:2      | Found a faded altar of an unknown god.
  1113 | D:2      | Noticed Natasha
  1119 | D:2      | Slain by Natasha

Illustrated notes

Levels and vault maps discovered:
D:1:      minmay_arrival_jagged, layout_rooms, chequers_jeans,
          ebering_dispersal_statue_hall, minmay_gold_behind_fungi,
          minmay_box_of_dots
D:2:      layout_rooms, shapermc_ecumenical_altar_pompeii, serial_forest,
          infiniplex_forest_clump_small, infiniplex_forest_clump_tiny,
          infiniplex_forest_straight_4, infiniplex_forest_clump_large,
          infiniplex_forest_lined_2, infiniplex_forest_lined_3,
          infiniplex_forest_clump_C, nrook_campfire, grunt_decor_one_mirror,
          minmay_tiny_reverse_x, uniq_natasha

Skill      XL: |  1  2  3 |
---------------+----------+-----
Maces & Flails | 3 |  3.0
Fighting       | |  3.8
Armour         | |  3.0
Shields        | |  3.0

Action                     |  1- 3 |  4- 6 || total
---------------------------+-------+-------++-------
  Melee: Flail             |   114 |     9 ||   123
 Armour: Scale mail        |    57 |     2 ||    59
  Dodge: Dodged            |    55 |     4 ||    59
  Block: Buckler           |    29 |       ||    29

Table legend: (Time is in decaauts)
 A = Elapsed time spent in this place.
 B = Non-inter-level travel time spent in this place.
 C = Inter-level travel time spent in this place.
 D = Time resting spent in this place.
 E = Time spent auto-exploring this place.
 F = Levels seen in this place.
 G = Mean time per level.
                   A        B        C        D        E       F      G
               +--------+--------+--------+--------+--------+-----+--------+
         Total |   1157 |   1128 |     29 |      0 |    854 |   2 |  578.5 |
       Dungeon |   1157 |   1128 |     29 |      0 |    854 |   2 |  578.5 |
               +--------+--------+--------+--------+--------+-----+--------+

Top non-repeatable levels by time:
     D:1: 746 daAuts
     D:2: 411 daAuts
